 Dungeon Crawl Stone Soup version 0.29-a0-330-g52719c12eb (webtiles) character file.

Game seed: 164671422102789314

1894 kae the Firebug (level 8, -1/54 (57) HPs)
             Began as a Demigod Fire Elementalist on Apr 23, 2022.
             Slain by a wight
             ... wielding a +3 dire flail
              (9 damage)
             ... on level 6 of the Dungeon.
             The game lasted 00:05:35 (7882 turns).

kae the Firebug (Demigod Fire Elementalist)         Turns: 7882, Time: 00:05:36

HP:   -1/54 (57)    AC: 10    Str:  9    XL:     8   Next: 61%
MP:   15/20         EV: 12    Int: 25    God:
Gold: 229           SH:  0    Dex: 14    Spells: 5/18 levels left

rFire   . . .      SeeInvis .   b - +1 short sword
rCold   . . .      Faith    .   (no shield)
rNeg    . . .      Spirit   .   a - +0 robe
rPois   .          Reflect  .   (helmet restricted)
rElec   .          Harm     .   r - +1 cloak
rCorr   .          Rampage  .   (no gloves)
Will    .....                   (no boots)
Stlth   ++........              (no amulet)
HPRegen 0.18/turn               l - ring of wizardry
MPRegen 0.17/turn               q - +4 ring of protection

@: drained
A: high MP 1, forlorn, divine attributes, antennae 1, hooves 1, iridescent
scales 1, subdued magic 1
a: no special abilities


You were on level 6 of the Dungeon.
You visited 1 branch of the dungeon, and saw 6 of its levels.

You collected 301 gold pieces.
You spent 72 gold pieces at shops.

Inventory:

Hand Weapons
 b - a +1 short sword (weapon)
Missiles
 f - 64 stones
 k - 6 large rocks
Armour
 a - a +0 robe (worn)
 g - a +2 helmet
 r - a +1 cloak (worn)
Jewellery
 l - a ring of wizardry (left hand)
 q - a +4 ring of protection (right hand)
Wands
 i - a wand of iceblast (10)
Scrolls
 h - 2 scrolls of vulnerability
 j - 3 scrolls of enchant weapon
 o - 2 scrolls of fear
 p - a scroll of teleportation
 t - a scroll of identify
Potions
 c - 3 potions of curing
 d - a potion of attraction
 e - a potion of brilliance
 m - a potion of degeneration
 n - a potion of berserk rage {unknown}
 s - a potion of lignification {unknown}
 u - a potion of heal wounds


   Skills:
 - Level 1.7 Dodging
 - Level 1.7 Stealth
 + Level 5.8 Spellcasting
 + Level 6.0 Conjurations
 + Level 6.7 Fire Magic


You had 5 spell levels left.
You knew the following spells:

 Your Spells              Type           Power      Damage    Failure   Level
a - Foxfire               Conj/Fire      100%       2x1d9     1%          1
b - Scorch                Fire           62%        2d8       1%          2
c - Conjure Flame         Conj/Fire      30%        6-21      1%          3
d - Inner Flame           Hex/Fire       18%        N/A       1%          3
e - Flame Wave            Conj/Fire      30%        2d8       1%          4

Your spell library contained the following spells:

 Spells                   Type           Power      Damage    Failure   Level
 Magic Dart               Conj           100%       1d8       1%          1
 Sting                    Tmut/Pois      20%        1d4       2%          1
 Mephitic Cloud           Conj/Pois/Air  13%        N/A       3%          3
 Call Imp                 Summ           5%         N/A       4%          2
 Poisonous Vapours        Pois/Air       10%        N/A       4%          2
 Gell's Gravitas          Tloc           5%         N/A       8%          3
 Lesser Beckoning         Tloc           5%         N/A       8%          3
 Summon Guardian Golem    Hex/Summ       5%         N/A       8%          3
 Teleport Other           Tloc           5%         N/A       8%          3
 Olgreb's Toxic Radiance  Pois           5%         N/A       26%         4
 Orb of Destruction       Conj           14%        9d7       86%         7
 Spellforged Servitor     Conj/Summ      8%         N/A       99%         7


Dungeon Overview and Level Annotations

Branches:
Dungeon (6/15)
 Temple: D:4-7

Shops:
D:1 :   D:4 [*:*[

Annotations:
D:3 exclusions: ice beast, ogre and orc wizard
D:5 1 runed translucent door, Crazy Yiuf


Innate Abilities, Weirdness & Mutations

You have an increased reservoir of magic. (+10% MP)
You shall have no god before yourself.
Your divine heritage dramatically boosts your attributes as you level up.
You have a pair of small antennae on your head.
You have large cloven feet.
You are partially covered in iridescent scales. (AC +2)
Your spells are a little easier to cast, but a little less powerful.


Message History

You see here a necrophage corpse.
There is a stone staircase leading up here.
You climb upwards.
Level annotation: 1 runed translucent door, Crazy Yiuf
There is a stone staircase leading down here.
HP restored.
Magic restored.
Key pressed, stopping explore.
Could not explore, unopened runed door.
(D) Dungeon
Where to? (Enter - D:6, ? - help)
There is a stone staircase leading down here.
You climb downwards.
The wight hits you with a +3 dire flail!
There is a stone staircase leading up, spattered with blood here.
A wight is nearby!
A wight is nearby!
Casting: Foxfire (safe; 1% risk of failure)
Confirm with . or Enter, or press ? or * to list all spells.
Flames lash the wight but do no damage.
The wight hits you with a +3 dire flail!
You feel drained. The wight barely misses you.
Casting: Scorch (safe; 1% risk of failure)
Confirm with . or Enter, or press ? or * to list all spells.
Flames lash the wight.
The wight is moderately damaged.
The wight's fire resistance burns away.
The wight hits you with a +3 dire flail.
The wight hits you with a +3 dire flail!
Casting: Scorch (safe; 1% risk of failure)
Confirm with . or Enter, or press ? or * to list all spells.
Flames lash the wight.
The wight is burned terribly!
The wight is heavily damaged.
The wight hits you with a +3 dire flail!
* * * LOW HITPOINT WARNING * * *
You feel drained.
* * * LOW HITPOINT WARNING * * *
The wight hits you with a +3 dire flail!
You die...

#.##.#...............#
#.##.#.####.###.######
#.##.#.##.#.# #.#
#..#......# #.##
...##.....###..#
...........###.#
...##.....## #.# #.
##.z.#####.######## #
##.@.............#
########รท######.# #.#
#.# #># #.#
#z######)###
#.).z...))..
#..#####)).. #..#
####. #..# .


You could see a wight (combustible).

Vanquished Creatures
  Menkaure (D:6)
  3 black bears
  An ice beast (D:5)
  2 sky beasts
  2 ogres
  Blork the orc (D:6)
  2 necrophages
  2 scorpions (D:4)
  2 wights (D:6)
  A gnoll shaman (D:6)
  An orc priest (D:2)
  A hound (D:5)
  A jelly (D:4)
  3 iguanas
  8 orc wizards
  5 gnolls (D:6)
  8 adders
  A white imp (D:6)
  6 dart slugs
  21 orcs
  5 ball pythons
  6 bats
  5 endoplasms
  3 giant cockroaches (D:1)
  5 goblins
  8 hobgoblins
  6 jackals (D:1)
  9 kobolds
  4 quokkas
  5 frilled lizards
  2 rats (D:1)
130 creatures vanquished.

Vanquished Creatures (collateral kills)
  A foxfire (D:2)
1 creature vanquished.

Vanquished Creatures (others)
  An orc (D:4)
  A demonic plant (D:2)
  389 foxfires
391 creatures vanquished.

Grand Total: 522 creatures vanquished

Notes
Turn   | Place    | Note
-------+----------+-------------------------------------------
     0 | D:1      | kae the Demigod Fire Elementalist began the quest for the
                  | Orb.
     0 | D:1      | Reached XP level 1. HP: 14/14 MP: 5/5
    73 | D:1      | Reached skill level 1 in Conjurations
   191 | D:1      | Found Guhait's Book Boutique.
   262 | D:1      | Reached XP level 2. HP: 20/20 MP: 0/7
   934 | D:1      | Learned a level 2 spell: Scorch
  1215 | D:1      | Reached XP level 3. HP: 24/26 MP: 3/9
  1896 | D:2      | You fall into a shaft and drop 2 floors!
  1896 | D:4      | Noticed a scorpion
  1901 | D:4      | Killed a scorpion
  1902 | D:4      | Reached XP level 4. HP: 26/33 MP: 4/10
  1911 | D:4      | Noticed a black bear
  1918 | D:4      | Found Zewog's Armour Shoppe.
  1935 | D:4      | Gained mutation: Your spells are a little easier to cast,
                  | but a little less powerful. [potion of mutation]
  1935 | D:4      | Gained mutation: You have hidden genetic potential. [potion
                  | of mutation]
  1935 | D:4      | Gained mutation: You have large cloven feet. [potion of
                  | mutation]
  2331 | D:3      | Noticed an ogre
  2360 | D:3      | Noticed an ice beast
  2391 | D:3      | Learned a level 3 spell: Conjure Flame
  2663 | D:2      | Reached XP level 5. HP: 38/38 MP: 9/12
  3373 | D:2      | Gained mutation: You are partially covered in iridescent
                  | scales. (AC +2) [hidden potential]
  4234 | D:3      | Reached XP level 6. HP: 39/45 MP: 10/14
  4629 | D:3      | Gained mutation: You have a pair of small antennae on your
                  | head. [hidden potential]
  4629 | D:3      | Lost mutation: You have hidden genetic potential. [hidden
                  | potential expressed]
  4775 | D:4      | Found Neoh's Book Shop.
  5095 | D:4      | Learned a level 3 spell: Inner Flame
  5100 | D:4      | Learned a level 4 spell: Flame Wave
  5129 | D:4      | Reached skill level 5 in Fire Magic
  5129 | D:4      | Reached XP level 7. HP: 28/50 MP: 6/16
  5358 | D:4      | Found Reruvi's Armour Boutique.
  5402 | D:4      | Found Joarph's General Store.
  5463 | D:4      | Found Xer Liuc's General Store.
  5471 | D:4      | Bought a scroll of teleportation for 36 gold pieces
  5471 | D:4      | Bought a potion of curing for 36 gold pieces
  5918 | D:5      | Entered Level 5 of the Dungeon
  6340 | D:5      | Reached skill level 5 in Conjurations
  6616 | D:5      | Found a runed translucent door.
  6617 | D:5      | Noticed Crazy Yiuf
  6687 | D:5      | Reached skill level 5 in Spellcasting
  6693 | D:5      | Reached XP level 8. HP: 57/57 MP: 12/19
  7135 | D:6      | Noticed Menkaure
  7140 | D:6      | Killed Menkaure
  7496 | D:6      | Noticed Blork the orc
  7547 | D:6      | Killed Blork the orc
  7882 | D:6      | Slain by a wight

Illustrated notes

Levels and vault maps discovered:
D:1:      lemuel_arrival_hallway, layout_loops_corners, serial_shops,
          nicolae_shop_trees, minmay_small_reverse_x
D:2:      layout_basic, basic_altar, shapermc_ecumenical_altar_gd
D:3:      layout_rooms, kennysheep_generic_room_6
D:4:      layout_basic, nemelex_altar_shiori, serial_shops,
          nicolae_shop_hallway_stairs, shop, nicolae_shop_crystal,
          nicolae_shop_advertising_works [nicolae_subvault_shop_adworks],
          nicolae_shop_crystal
D:5:      layout_loops_cross, uniq_crazy_yiuf_cottage
D:6:      layout_loops_ring, nicolae_vehumet_radiance,
          nicolae_dithmenos_the_darkroom, uniq_menkaure, uniq_blork_the_orc

Skill      XL: |  1  2  3  4  5  6  7  8 |
---------------+-------------------------+-----
Conjurations   | 1 2 3 4 5 6 |  6.0
Spellcasting   | 2 3 4 5 |  5.8
Fire Magic     | 3 4 5 6 |  6.7
Dodging        | |  1.7
Stealth        | |  1.7

Action                   |  1- 3 |  4- 6 |  7- 9 || total
-------------------------+-------+-------+-------++-------
Melee: Short sword       |    51 |     3 |     2 ||    56
       Punch             |     1 |       |       ||     1
       Kick              |       |     1 |     1 ||     2
 Cast: Foxfire           |    45 |   123 |    62 ||   230
       Scorch            |    15 |    32 |    31 ||    78
       Conjure Flame     |       |     1 |     3 ||     4
       Flame Wave        |       |       |     2 ||     2
  Use: Potion            |     1 |     4 |     1 ||     6
       Scroll            |     3 |     7 |       ||    10
Armor: Robe              |    27 |    44 |    15 ||    86
Dodge: Dodged            |    66 |    71 |    22 ||   159

Table legend: (Time is in decaauts)
 A = Elapsed time spent in this place.
 B = Non-inter-level travel time spent in this place.
 C = Inter-level travel time spent in this place.
 D = Time resting spent in this place.
 E = Time spent auto-exploring this place.
 F = Levels seen in this place.
 G = Mean time per level.
                   A        B        C        D        E       F      G
               +--------+--------+--------+--------+--------+-----+--------+
         Total |   7892 |   7702 |    190 |    820 |   5716 |   6 | 1315.3 |
       Dungeon |   7892 |   7702 |    190 |    820 |   5716 |   6 | 1315.3 |
               +--------+--------+--------+--------+--------+-----+--------+

Top non-repeatable levels by time:
     D:1: 1736 daAuts
     D:2: 1588 daAuts
     D:3: 1405 daAuts
     D:5: 1371 daAuts
     D:4: 1197 daAuts
     D:6: 592 daAuts
